 Dungeon Crawl Stone Soup version 0.29-a0-322-g68df515428 (webtiles) character file.

Game seed: 12536048920891977003

444 HotDog the Chopper (level 7, -4/60 HPs)
             Began as a Hill Orc Fighter on Apr 7, 2022.
             Slain by Sigmund
             ... wielding a +0 vorpal scythe
              (9 damage)
             ... on level 3 of the Dungeon.
             The game lasted 00:02:42 (2758 turns).

HotDog the Chopper (Hill Orc Fighter)               Turns: 2758, Time: 00:02:43

Health: -4/60      AC:  8    Str: 21    XL:     7   Next: 3%
Magic:  0/8        EV:  9    Int:  8    God:
Gold:   125        SH:  4    Dex: 10    Spells: 6/6 levels left

rFire   . . .      SeeInvis .   a - +0 war axe
rCold   . . .      Faith    .   c - +0 buckler
rNeg    . . .      Spirit   +   b - +0 scale mail
rPois   .          Reflect  .   (no helmet)
rElec   .          Harm     .   (no cloak)
rCorr   +          Rampage  .   g - +0 pair of gloves
Will    .....                   (no boots)
Stlth   ..........              e - amulet of guardian spirit
HPRegen 0.20/turn               k - ring of resist corrosion
MPRegen 0.11/turn               (no ring)

@: no status effects
A: no striking features
a: no special abilities


You were on level 3 of the Dungeon.
You visited 1 branch of the dungeon, and saw 4 of its levels.

You collected 125 gold pieces.

Inventory:

Hand Weapons
 a - a +0 war axe (weapon)
Armour
 b - a +0 scale mail (worn)
 c - a +0 buckler (worn)
 g - a +0 pair of gloves (worn)
Jewellery
 e - an amulet of guardian spirit (around neck)
 k - a ring of resist corrosion (left hand)
Wands
 d - a wand of iceblast (5)
 j - a wand of mindburst (14)
Scrolls
 f - a scroll of amnesia
 h - a scroll of vulnerability {unknown}
 l - a scroll of enchant armour {unknown}
Potions
 i - a potion of lignification {unknown}
 m - 2 potions of berserk rage {unknown}


   Skills:
 * Level 4.6 Fighting
 * Level 6.0 Axes
 * Level 4.9 Armour
 * Level 1.4 Dodging
 * Level 4.2 Shields
 * Level 2.4 Invocations


You had 6 spell levels left.
You didn't know any spells.
Your spell library contained the following spells:

 Spells                   Type           Power      Damage    Failure   Level
 Magic Dart               Conj           0%         1d3       83%         1
 Pain                     Necr           0%         1d4       83%         1
 Call Imp                 Summ           0%         N/A       92%         2
 Mephitic Cloud           Conj/Pois/Air  0%         N/A       99%         3
 Agony                    Necr           0%         N/A       100%        5
 Excruciating Wounds      Necr           0%         N/A       100%        5


Dungeon Overview and Level Annotations

Branches:
Dungeon (4/15)
 Temple: D:4-7

Altars:
Ashenzari

Annotations:
D:3 3 runed translucent doors, Sigmund; WobbleTop's ghost, amateur DjWr


Message History

An endoplasm is nearby!
An endoplasm is nearby!
Something hits you.
An endoplasm is nearby!
You slash the endoplasm!
You kill the endoplasm!
You completely miss something.
You hear some strange, mumbled words.
You are confused.
You are too confused!
You are too confused!
You are too confused!
You are too confused!
You are too confused!
You are too confused!
You are too confused!
You are too confused!
You are too confused!
Unknown command.
You are too confused!
You're too confused to move!
Something hits you. Something hits you.
A magic dart appears from out of thin air!
The magic dart hits you.
You bump into the rock wall.
Something hits you but does no damage.
You're too confused to move!
You feel less confused.
A magic dart appears from out of thin air!
The magic dart hits you. You block something's attack.
You hit something but do no damage. Something hits you but does no damage.
You slash something! Something hits you.
You barely miss something. Something hits you!
You miss something. You miss something. Something hits you!
* * * LOW HITPOINT WARNING * * *
x2 You closely miss something.
Something hits you!
* * * LOW HITPOINT WARNING * * *
x2 You closely miss something.
Something hits you!
You die...

..... ...##.........
#.......####.##.........
#..........#.........<..
#....##....#.##.........
#....#.....#............
....._................
#.....#...#..########
#....##...#..# #
#...@.....#..#
#..####{.....#..#
#............#[.#
....##.##.######..# # #....#
#..######## ..#### #..........
###############..........
######........................
.........####################.


There were no monsters in sight!

Vanquished Creatures
  Grinder (D:3)
  A black bear (D:3)
  Ijyb (D:3)
  Terence (D:3)
  3 adders
  2 worms (D:2)
  3 orcs (D:3)
  4 endoplasms
  4 giant cockroaches
  3 goblins
  9 hobgoblins
  4 jackals (D:2)
  6 kobolds
  2 quokkas
  6 ball pythons
  4 bats
  4 frilled lizards
  5 rats
63 creatures vanquished.

Notes
Turn   | Place    | Note
-------+----------+-------------------------------------------
     0 | D:1      | HotDog the Hill Orc Fighter began the quest for the Orb.
     0 | D:1      | Reached XP level 1. HP: 19/19 MP: 1/1
   337 | D:1      | Reached XP level 2. HP: 26/27 MP: 2/2
  1031 | D:2      | Reached skill level 3 in Axes
  1143 | D:2      | Reached XP level 3. HP: 33/33 MP: 3/3
  1329 | D:2      | Found a faded altar of an unknown god.
  1559 | D:2      | Reached XP level 4. HP: 35/40 MP: 2/4
  1719 | D:2      | Reached skill level 1 in Invocations
  1905 | D:3      | Noticed Terence
  1911 | D:3      | Noticed Ijyb
  1915 | D:3      | Killed Terence
  1916 | D:3      | Reached skill level 4 in Axes
  1937 | D:3      | Killed Ijyb
  1938 | D:3      | Reached XP level 5. HP: 27/46 MP: 4/6
  2172 | D:3      | Noticed Grinder
  2189 | D:3      | Killed Grinder
  2190 | D:3      | Reached skill level 5 in Axes
  2190 | D:3      | Reached skill level 1 in Dodging
  2190 | D:3      | Reached XP level 6. HP: 36/53 MP: 5/7
  2336 | D:3      | You fall into a shaft and drop 1 floor!
  2359 | D:4      | Noticed a black bear
  2372 | D:3      | Found a runed translucent gate.
  2372 | D:3      | Found a runed translucent gate.
  2373 | D:3      | Noticed WobbleTop's ghost (amateur DjWr)
  2376 | D:3      | Killed a black bear
  2377 | D:3      | Found a runed translucent gate.
  2696 | D:3      | Reached XP level 7. HP: 60/60 MP: 6/8
  2725 | D:3      | Found a broken altar of Ashenzari.
  2732 | D:3      | Noticed Sigmund
  2740 | D:3      | Reached skill level 6 in Axes
  2758 | D:3      | Slain by Sigmund

Illustrated notes

Levels and vault maps discovered:
D:1:      minmay_arrival_semitransparent, layout_basic, minivault_23
D:2:      layout_basic, dreamdust_ecumenical_altar_statues, minmay_cupped
D:3:      layout_basic, good_gods_temple_1, nicolae_overflow_crystal_walls,
          minitemple, gammafunk_ghost_nasty_kobolds, uniq_terence, uniq_sigmund,
          uniq_grinder, uniq_ijyb
D:4:      nicolae_BIG_FREAKIN_CUBE, layout_rooms, nicolae_ru_path_of_blood,
          nemelex_diamond_rough_becter, serial_shops, shop

Skill      XL: |  1  2  3  4  5  6  7 |
---------------+----------------------+-----
Fighting       | 4 |  4.6
Axes           | 3 4 5 6 |  6.0
Invocations    | 1 2 |  2.4
Armour         | 4 |  4.9
Dodging        | 1 |  1.4
Shields        | 4 |  4.2

Action                   |  1- 3 |  4- 6 |  7- 9 || total
-------------------------+-------+-------+-------++-------
Melee: War axe           |   106 |    70 |    11 ||   187
  Use: Scroll            |     1 |       |       ||     1
       Potion            |       |     4 |       ||     4
Armor: Scale mail        |    71 |    57 |     3 ||   131
Dodge: Dodged            |    42 |    71 |     2 ||   115
Block: Buckler           |    34 |    23 |     1 ||    58

Table legend: (Time is in decaauts)
 A = Elapsed time spent in this place.
 B = Non-inter-level travel time spent in this place.
 C = Inter-level travel time spent in this place.
 D = Time resting spent in this place.
 E = Time spent auto-exploring this place.
 F = Levels seen in this place.
 G = Mean time per level.
                   A        B        C        D        E       F      G
               +--------+--------+--------+--------+--------+-----+--------+
         Total |   2804 |   2736 |     68 |    336 |   1855 |   4 |  701.0 |
       Dungeon |   2804 |   2736 |     68 |    336 |   1855 |   4 |  701.0 |
               +--------+--------+--------+--------+--------+-----+--------+

Top non-repeatable levels by time:
     D:1: 986 daAuts
     D:2: 935 daAuts
     D:3: 846 daAuts
     D:4: 36 daAuts
